 Dungeon Crawl Stone Soup version 0.27-a0-1273-gec92ba881d (webtiles) character file.

Game seed: 9061748389953714467

81 Anon1729 the Cudgeller (level 4, 0/35 HPs)
             Began as a Palentonga Warper on June 11, 2021.
             Slain by a hound (5 damage)
             ... on level 3 of the Dungeon.
             The game lasted 00:03:28 (3935 turns).

Anon1729 the Cudgeller (Palentonga Warper)          Turns: 3935, Time: 00:03:28

Health: 0/35       AC:  6    Str: 16    XL:     4   Next: 20%
Magic:  7/7        EV:  8    Int: 13    God:
Gold:   91         SH:  0    Dex:  9    Spells: 7/7 levels left

rFire    . . .     SeeInvis +   a - +0 mace
rCold    . . .     Faith    .   (no shield)
rNeg     . . .     Spirit   .   k - +0 ring mail
rPois    .         Reflect  .   c - +0 helmet
rElec    .         Harm     .   (no cloak)
rCorr    .         Rampage  .   (no gloves)
Will     +....                  (no barding)
Stlth    ..........             (no amulet)
HPRegen  0.11/turn              j - ring of willpower
MPRegen  0.10/turn              (no ring)

@: no status effects
A: large, rugged brown scales 3, see invisible, deformed body, roll 1, armoured
tail
a: Rolling Charge


You were on level 3 of the Dungeon.
You visited 1 branch of the dungeon, and saw 4 of its levels.

You collected 91 gold pieces.

Inventory:

Hand Weapons
 a - a +0 mace (weapon)
Missiles
 e - 3 boomerangs of dispersal (quivered)
Armour
 b - a +0 leather armour
 c - a +0 helmet (worn)
 g - a +0 buckler
 k - a +0 ring mail (worn)
 o - +0 ice dragon scales
 r - a +0 tower shield
Jewellery
 j - a ring of willpower (left hand)
Scrolls
 d - a scroll of blinking
 i - a scroll of fear {unknown}
 m - 3 scrolls of identify {unknown}
 n - a scroll of magic mapping {unknown}
 p - a scroll of teleportation {unknown}
 s - a scroll of immolation {unknown}
 u - a scroll of enchant weapon {unknown}
Potions
 f - a potion of lignification {unknown}
 h - a potion of cancellation {unknown}
 l - a potion of magic {unknown}
 q - a potion of curing {unknown}
 t - a potion of heal wounds {unknown}
 v - a potion of might {unknown}


   Skills:
 - Level 2.0 Fighting
 * Level 3.9 Maces & Flails
 - Level 0.7 Throwing
 + Level 1.1 Armour
 - Level 1.6 Dodging
 + Level 0.2 Shields
 + Level 2.2 Spellcasting
 - Level 3.0 Translocations


You had 7 spell levels left.
You didn't know any spells.
Your spell library contained the following spells:

 Spells                   Type           Power      Damage    Failure   Level
 Apportation              Tloc           18%        N/A       14%         1
 Blink                    Tloc           N/A        N/A       21%         2
 Gell's Gravitas          Tloc           4%         N/A       38%         3
 Lesser Beckoning         Tloc           4%         N/A       38%         3
 Teleport Other           Tloc           9%         N/A       38%         3
 Animate Skeleton         Necr           2%         N/A       43%         1
 Corona                   Hex            1%         N/A       43%         1
 Magic Dart               Conj           4%         1d3       43%         1
 Summon Small Mammal      Summ           4%         N/A       43%         1
 Call Imp                 Summ           1%         N/A       58%         2
 Ensorcelled Hibernation  Hex/Ice        2%         N/A       58%         2
 Slow                     Hex            1%         N/A       58%         2
 Confusing Touch          Hex            1%         N/A       82%         3
 Conjure Flame            Conj/Fire      1%         6-21      82%         3
 Mephitic Cloud           Conj/Pois/Air  1%         N/A       82%         3
 Manifold Assault         Tloc           9%         N/A       98%         5
 Animate Armour           Summ/Erth      2%         N/A       99%         4
 Petrify                  Tmut/Erth      1%         N/A       99%         4
 Borgnjor's Vile Clutch   Necr/Erth      0%         N/A       100%        5
 Metabolic Englaciation   Hex/Ice        0%         N/A       100%        5
 Silence                  Hex/Air        0%         N/A       100%        5
 Yara's Violent Unravell  Hex/Tmut       0%         3d3       100%        5
 Shadow Creatures         Summ           N/A        N/A       100%        6


Dungeon Overview and Level Annotations

Branches:
Dungeon (4/15)
 Temple: D:4-7

Altars:
Elyvilon
Fedhas
Ru
Zin

Annotations:
D:2 1 runed translucent door, Crazy Yiuf


Innate Abilities, Weirdness & Mutations

You are completely covered in rugged brown scales. (AC +3, +7% HP)
You have supernaturally acute eyesight. (SInv)
Armour fits poorly on your strangely shaped body.
You can roll at nearby foes to attack.
You have a long armoured tail.


Message History

You are too injured to fight recklessly!
You are too injured to fight recklessly!
You are too injured to fight recklessly!
You are too injured to fight recklessly!
You are too injured to fight recklessly!
You are too injured to fight recklessly!
You are too injured to fight recklessly!
You are too injured to fight recklessly!
You are too injured to fight recklessly!
You barely miss the hound.
Your tail-slap misses the hound.
The hound is lightly wounded.
The hound bites you. The hound bites you but does no damage.
The howler monkey hoots and howls with incredible vigour!
The hound bites you but does no damage.
The howler monkey hoots and howls with incredible vigour!
The hound barely misses you.
There is a stone staircase leading up here.
The hound bites you but does no damage. The hound bites you.
* * * LOW HITPOINT WARNING * * *
You climb upwards.
There is a stone staircase leading down here.
You hit the hound but do no damage. The hound closely misses you.
The hound completely misses you.
You barely miss the hound. The hound closely misses you. The hound bites you.
* * * LOW HITPOINT WARNING * * *
Okay, then.
You aren't carrying any items that you can evoke.
Throw: 5 boomerangs (disperse)
Press: ? - help, Q - select action, (/) - cycle Shift-Dir - straight line, f - hound
Aim: a hound (41% to hit)
You throw a boomerang of dispersal.
The boomerang of dispersal barely misses the hound.
The hound barely misses you.
Throw: 4 boomerangs (disperse)
Press: ? - help, Q - select action, (/) - cycle Shift-Dir - straight line, f/p - hound
Aim: a hound (41% to hit)
You throw a boomerang of dispersal.
The boomerang of dispersal closely misses the hound.
The hound bites you.
You die...

#...........##..####.
#...........#####....
#.........[.####..##.
#...[.....<.##_..###_
################..###
#####....
######...#####
#########......#####.#
#....@....#########...
#...h.######........##
#####.............####
########..........
#..........
#......#### #......#
#......# ########


You could see a hound.

Vanquished Creatures
  2 adders
  A dart slug (D:1)
  2 orcs
  5 bats
  8 endoplasms
  2 giant cockroaches (D:3)
  8 hobgoblins
  2 jackals (D:2)
  9 kobolds
  3 quokkas (D:2)
  2 ball pythons
  A frilled lizard (D:1)
  4 goblins
  5 rats
54 creatures vanquished.

Vanquished Creatures (others)
  A plant (D:4)
1 creature vanquished.

Grand Total: 55 creatures vanquished

Notes
Turn   | Place    | Note
-------+----------+-------------------------------------------
     0 | D:1      | Anon1729 the Palentonga Warper began the quest for the Orb.
     0 | D:1      | Reached XP level 1. HP: 17/17 MP: 3/3
   452 | D:1      | Reached XP level 2. HP: 23/23 MP: 5/5
   851 | D:1      | Found a faded altar of an unknown god.
  1800 | D:2      | Reached XP level 3. HP: 12/28 MP: 6/6
  1807 | D:2      | HP: 1/28 [hobgoblin (3)]
  2716 | D:2      | Found a runed translucent door.
  2717 | D:2      | Noticed Crazy Yiuf
  2823 | D:2      | Reached skill level 1 in Armour
  3192 | D:3      | Reached XP level 4. HP: 26/35 MP: 7/7
  3858 | D:3      | Found a white marble altar of Elyvilon.
  3858 | D:3      | Found a blossoming altar of Fedhas.
  3866 | D:3      | Found a sacrificial altar of Ru.
  3868 | D:3      | Found a glowing silver altar of Zin.
  3870 | D:3      | Found a faded altar of an unknown god.
  3935 | D:3      | Slain by a hound

Illustrated notes

Levels and vault maps discovered:
D:1:      dpeg_arrival_arbitrary_a, layout_basic, basic_ecumenical_altar
D:2:      wander_river, layout_basic, serial_curves, eino_curves_04,
          eino_curves_01, kennysheep_nub, eino_curves_03,
          uniq_crazy_yiuf_cottage
D:3:      layout_rooms, chequers_temple_overflow_minitemple
D:4:      layout_basic, minmay_liquid_box, dk_vineyard_1, serial_bayou_ford_a,
          uniq_menkaure

Skill      XL: |  1  2  3 |
---------------+----------+-----
Maces & Flails | 3 |  3.9
Armour         | 1 |  1.1
Fighting       | |  2.0
Throwing       | |  0.7
Dodging        | |  1.6
Shields        | |  0.2
Spellcasting   | |  2.2
Translocations | |  3.0

Action                   |  1- 3 |  4- 6 || total
-------------------------+-------+-------++-------
Melee: Mace              |   142 |    34 ||   176
       Tailslap          |    11 |     2 ||    13
Throw: Boomerang         |       |     2 ||     2
Armor: Leather armour    |    26 |       ||    26
       Ring mail         |    50 |    19 ||    69
Dodge: Dodged            |    69 |    18 ||    87

Table legend: (Time is in decaauts)
 A = Elapsed time spent in this place.
 B = Non-inter-level travel time spent in this place.
 C = Inter-level travel time spent in this place.
 D = Time resting spent in this place.
 E = Time spent auto-exploring this place.
 F = Levels seen in this place.
 G = Mean time per level.
                   A        B        C        D        E       F      G
               +--------+--------+--------+--------+--------+-----+--------+
         Total |   3987 |   3868 |    119 |    307 |   3047 |   4 |  996.8 |
       Dungeon |   3987 |   3868 |    119 |    307 |   3047 |   4 |  996.8 |
               +--------+--------+--------+--------+--------+-----+--------+

Top non-repeatable levels by time:
     D:2: 1617 daAuts
     D:1: 1566 daAuts
     D:3: 776 daAuts
     D:4: 27 daAuts
